 Dungeon Crawl Stone Soup version 0.31-a0-145-g046c7d2549 (webtiles) character file.

Game seed: 8319773571057299923

105 qw the Shooter (level 4, -3/38 HPs)
             Began as a Minotaur Hunter on June 7, 2023.
             Slain by an orc wizard
             ... wielding a +0 dagger
              (4 damage)
             ... on level 3 of the Dungeon.
             The game lasted 00:00:57 (1795 turns).

qw the Shooter (Minotaur Hunter)                    Turns: 1795, Time: 00:00:57

Health: -3/38      AC:  5    Str: 16    XL:     4   Next: 54%
Magic:  3/3        EV: 11    Int:  6    God:
Gold:   86         SH:  0    Dex: 15    Spells: 3/3 levels left

rFire   . . .        Y - +0 shortbow
rCold   . . .        (shield currently unavailable)
rNeg    . . .        d - +0 ring mail
rPois   .            (helmet restricted)
rElec   .            (no cloak)
rCorr   .            (no gloves)
SInv    .            (no boots)
Will    .....        c - amulet of reflection Stlth
                     (no ring)
HPRegen 0.26/turn    (no ring)
MPRegen 0.08/turn

%: reflection
@: confused
A: horns 2, retaliatory headbutt
a: no special abilities


You were on level 3 of the Dungeon.
You visited 1 branch of the dungeon, and saw 3 of its levels.

You collected 86 gold pieces.


Innate Abilities, Weirdness & Mutations

You have a pair of horns on your head.
You reflexively headbutt those who attack you in melee.


   Skills:
 + Level 3.3 Fighting
 - Level 6.0 Ranged Weapons
 - Level 1.5 Armour
 - Level 2.1 Dodging
 - Level 0.7 Stealth


You had 3 spell levels left.
You didn't know any spells.
Your spell library was empty.

Inventory:

Hand Weapons
 Y - a +0 shortbow (weapon)
Armour
 d - a +0 ring mail (worn)
Jewellery
 c - an amulet of reflection (around neck)
Potions
 g - a potion of haste

Dungeon Overview and Level Annotations

Branches:
Dungeon (3/15)

Altars:


Message History

The orc wizard points at you and mumbles some strange words.
The magic dart hits you. The orc hits you but does no damage.
You shoot an arrow. The arrow hits the orc wizard.
The orc wizard is heavily wounded.
The orc wizard hits you with a +0 dagger.
You block the orc's attack.
You shoot an arrow. The arrow hits the orc wizard.
The orc wizard is almost dead.
The orc wizard hits you but does no damage.
The orc hits you with a +0 flail. The orc barely misses you.
The orc hits you with a +0 flail! You block the orc wizard's attack.
The orc hits you with a +0 whip.
You shoot an arrow.
The arrow closely misses the orc wizard.
An endoplasm comes into view.
The orc hits you with a +0 whip. You block the orc wizard's attack.
The orc closely misses you.
1790 ||| DRINKING potion of heal wounds.
You feel much better. The orc hits you but does no damage.
The orc hits you with a +0 flail! The orc wizard casts a spell at you.
You are confused.
The endoplasm misses you. The orc hits you but does no damage.
The orc wizard casts a spell at you. The magic dart hits you!
The orc hits you but does no damage.
The endoplasm hits you but does no damage.
The orc wizard gestures at you while chanting.
You resist with some effort. The orc misses you.
The orc hits you but does no damage. The endoplasm freezes you.
You are frozen.
The orc hits you with a +0 flail.
The orc wizard gestures wildly while chanting.
The orc wizard flickers and vanishes!
Deactivating autopickup; reactivate with Ctrl-A.
The orc hits you but does no damage. The endoplasm freezes you.
You are frozen.
The orc barely misses you. x2; Something hits you.
The endoplasm closely misses you. The orc closely misses you.
The orc hits you with a +0 whip. Something hits you.
You die...

#.............
####..###.###.
#o.........
##..###.###.
#.......#
#...######
#........##
#..####J..#.#
#..###{@....#
#....#


You could see 2 orcs and an endoplasm.

Vanquished Creatures
  3 adders (D:2)
  4 worms (D:2)
  A dart slug (D:1)
  2 orcs (D:3)
  4 ball pythons
  8 bats
  4 endoplasms
  2 giant cockroaches (D:1)
  6 goblins
  6 hobgoblins
  4 jackals (D:1)
  7 kobolds
  3 quokkas
  2 rats (D:2)
56 creatures vanquished.

Notes
Turn   | Place    | Note
-------+----------+-------------------------------------------
     0 | D:1      | qw the Minotaur Hunter began the quest for the Orb.
     0 | D:1      | Reached XP level 1. HP: 18/18 MP: 0/0
     0 | D:1      | 0 ||| qw: Version: 0.2-a-117-gc6b5c8b
     0 | D:1      | 0 ||| qw: Game counter: 2509
     0 | D:1      | 0 ||| qw: Always use a shield: true
     0 | D:1      | 0 ||| qw: God list: Okawaru
     0 | D:1      | 0 ||| qw: Allow faded altars: false
     0 | D:1      | 0 ||| qw: Do Orc after D:15 true
     0 | D:1      | 0 ||| qw: Do second Lair branch before Depths: true
     0 | D:1      | 0 ||| qw: Lair rune preference: random
     0 | D:1      | 0 ||| qw: Plans: Normal
     0 | D:1      | 0 ||| PLANNING D:1-11
   163 | D:1      | Reached XP level 2. HP: 14/25 MP: 1/1
   168 | D:1      | Reached skill level 5 in Ranged Weapons
   323 | D:1      | 323 ||| FLEEEEING.
   324 | D:1      | 324 ||| FLEEEEING.
   325 | D:1      | 325 ||| FLEEEEING.
   363 | D:1      | Reached skill level 3 in Fighting
   383 | D:1      | 383 ||| FLEEEEING.
   384 | D:1      | 384 ||| FLEEEEING.
   385 | D:1      | 385 ||| FLEEEEING.
   386 | D:1      | 386 ||| FLEEEEING.
   389 | D:1      | 389 ||| FLEEEEING.
   390 | D:1      | 390 ||| FLEEEEING.
   391 | D:1      | 391 ||| FLEEEEING.
   392 | D:1      | 392 ||| FLEEEEING.
   394 | D:1      | 394 ||| FLEEEEING.
   395 | D:1      | 395 ||| FLEEEEING.
   396 | D:1      | 396 ||| FLEEEEING.
   397 | D:1      | 397 ||| FLEEEEING.
   398 | D:1      | 398 ||| FLEEEEING.
   399 | D:1      | 399 ||| FLEEEEING.
   400 | D:1      | 400 ||| FLEEEEING.
   401 | D:1      | 401 ||| FLEEEEING.
   402 | D:1      | 402 ||| FLEEEEING.
   407 | D:1      | Reached XP level 3. HP: 29/31 MP: 2/2
   787 | D:1      | 787 ||| UPGRADING to +0 ring mail.
   797 | D:1      | 797 ||| DROPPING +0 leather armour.
   798 | D:1      | 798 ||| READING scroll labelled VEMOKKUKKI.
   799 | D:1      | 799 ||| DROPPING scroll of butterflies.
   911 | D:2      | Reached skill level 1 in Armour
  1194 | D:2      | 1194 ||| Stepping ~*~*~tactically~*~*~ (outnumbered).
  1199 | D:2      | Reached XP level 4. HP: 38/38 MP: 3/3
  1320 | D:2      | Reached skill level 6 in Ranged Weapons
  1435 | D:2      | 1435 ||| FLEEEEING.
  1436 | D:2      | 1436 ||| FLEEEEING.
  1437 | D:2      | 1437 ||| FLEEEEING.
  1438 | D:2      | 1438 ||| FLEEEEING.
  1561 | D:2      | 1561 ||| UPGRADING to amulet of reflection.
  1566 | D:2      | 1566 ||| READING scroll labelled NOOX ABERGHIEF.
  1567 | D:2      | 1567 ||| READING scroll labelled LYITIY REGYLERU.
  1568 | D:2      | 1568 ||| READING scroll labelled KAFRUN PUTYOT.
  1573 | D:2      | 1573 ||| DRINKING 2 sedimented brown potions.
  1574 | D:2      | 1574 ||| DRINKING 2 viscous inky potions.
  1670 | D:3      | 1670 ||| FLEEEEING.
  1677 | D:3      | 1677 ||| FLEEEEING.
  1678 | D:3      | 1678 ||| FLEEEEING.
  1679 | D:3      | 1679 ||| FLEEEEING.
  1680 | D:3      | 1680 ||| FLEEEEING.
  1691 | D:3      | 1691 ||| FLEEEEING.
  1692 | D:3      | 1692 ||| FLEEEEING.
  1693 | D:3      | 1693 ||| FLEEEEING.
  1695 | D:3      | 1695 ||| FLEEEEING.
  1696 | D:3      | 1696 ||| FLEEEEING.
  1697 | D:3      | 1697 ||| FLEEEEING.
  1698 | D:3      | 1698 ||| FLEEEEING.
  1699 | D:3      | 1699 ||| FLEEEEING.
  1701 | D:3      | 1701 ||| STAIRDANCE
  1789 | D:3      | HP: 9/38 [orc/+0 whip (6)]
  1790 | D:3      | 1790 ||| DRINKING potion of heal wounds.
  1794 | D:3      | HP: 8/38 [frozen (4)]
  1795 | D:3      | HP: 1/38 [orc/+0 whip (4)]
  1795 | D:3      | Slain by an orc wizard

Levels and vault maps discovered:
D:1:      ncdulo_lavacross, layout_basic
D:2:      minmay_alternating_diamond, layout_loops_ring
D:3:      layout_loops_ring, minmay_crystal_water

Skill      XL: |  1  2  3  4 |
---------------+-------------+-----
Ranged Weapons | 5 6 |  6.0
Fighting       | 3 |  3.3
Armour         | 1 |  1.5
Dodging        | |  2.1
Stealth        | |  0.7

Action                     |  1- 3 |  4- 6 || total
---------------------------+-------+-------++-------
   Fire: Shortbow          |   146 |    70 ||   216
    Use: Scroll            |     1 |     3 ||     4
         Potion            |       |     3 ||     3
 Armour: Leather armour    |    21 |       ||    21
         Ring mail         |     9 |    21 ||    30
  Dodge: Dodged            |    73 |    20 ||    93
  Block: Other             |       |     6 ||     6

Table legend:
 A = Non-vault XP
 B = Vault XP
 C = Vault XP percentage of total XP
 D = Non-vault monster count
 E = Vault monster count
 F = Vault count percentage of total count
                 A         B        C        D         E       F
            +---------+---------+-------+---------+---------+-------
      Total |     136 |      15 |   9.9 |      54 |       2 |   3.6
            +---------+---------+-------+---------+---------+-------
        D:1 |      61 |       0 |   0.0 |      32 |       0 |   0.0
        D:2 |      69 |      15 |  17.9 |      20 |       2 |   9.1
        D:3 |       6 |       0 |   0.0 |       2 |       0 |   0.0
            +---------+---------+-------+---------+---------+-------
